 Dungeon Crawl Stone Soup version 0.29.0-4-gdea44cf6ec (webtiles) character file.

Game seed: 12475646440426565282

12097 qw the Severer (level 11, -2/104 HPs)
             Began as a Minotaur Berserker on Sept 8, 2022.
             Was a Priest of Trog.
             Slain by a wyvern (9 damage)
             ... on level 2 of the Lair of Beasts.
             The game lasted 00:03:29 (12763 turns).

qw the Severer (Minotaur Berserker)                Turns: 12763, Time: 00:03:30

Health: -2/104     AC: 21    Str: 25    XL:     11   Next: 58%
Magic:  10/10      EV: 10    Int:  4    God:    Trog [***...]
Gold:   1013       SH:  0    Dex: 11    Spells: 10/10 levels left

rFire   . . .      SeeInvis +   g - +2 war axe (protect)
rCold   . . .      Faith    .   (no shield)
rNeg    . . .      Spirit   .   n - +0 chain mail
rPois   +          Reflect  .   (helmet restricted)
rElec   .          Harm     .   (no cloak)
rCorr   .          Rampage  .   c - +0 pair of gloves
Will    .....                   r - +0 pair of boots
Stlth   ..........              (no amulet)
HPRegen 0.27/turn               d - ring of poison resistance
MPRegen 0.12/turn               l - ring of see invisible

@: under a protective aura, on berserk cooldown, slowed, very slow
A: horns 2, retaliatory headbutt
a: Renounce Religion, Berserk, Trog's Hand


You were on level 2 of the Lair of Beasts.
You worshipped Trog.
Trog was most pleased with you.
You visited 2 branches of the dungeon, and saw 10 of its levels.
You also visited: Ossuary.

You collected 1013 gold pieces.


Innate Abilities, Weirdness & Mutations

You have a pair of horns on your head.
You reflexively headbutt those who attack you in melee.


   Skills:
 - Level 12.0 Fighting
 - Level 16.0 Axes
 - Level 3.2 Throwing
 - Level 9.0 Armour
 + Level 4.7 Dodging


You had 10 spell levels left.
You didn't know any spells.
Your spell library was empty.

Inventory:

Hand Weapons
 g - a +2 war axe of protection (weapon)
 i - a -1 demon whip of venom
Missiles
 m - 11 boomerangs (quivered)
Armour
 c - a +0 pair of gloves (worn)
 n - a +0 chain mail (worn)
 r - a +0 pair of boots (worn)
Jewellery
 d - a ring of poison resistance (left hand)
 l - a ring of see invisible (right hand)
 Y - a +6 ring of dexterity
Scrolls
 a - 6 scrolls of identify
Potions
 e - 4 potions of haste
 f - 3 potions of might
 h - a potion of mutation
 j - a potion of resistance
 k - 5 potions of curing

Dungeon Overview and Level Annotations

Branches:
Dungeon (8/15)             Temple (0/1) D:6            Lair (2/5) D:8
 Spider (0/4) Lair:2      Ossuary (visited)
  Swamp: Lair:2-3    Shoals: Lair:2-3

Altars:
Cheibriados
Nemelex Xobeh
Qazlal
Sif Muna
Trog
Uskayaw
Wu Jian
Zin
The Shining One

Annotations:
D:2 1 runed translucent door, Crazy Yiuf
D:8 2 runed translucent doors, qw's ghost, novice MiBe


Message History

The cane toad stings you but does no damage.
The yak gores you but does no damage. x2; The yak gores you! x2
The cane toad stings you! The yak gores you.
The yak gores you but does no damage. x2
You are no longer berserk.
You feel yourself slow down.
The cane toad stings you but does no damage.
The yak gores you! The yak gores you.
The basilisk bites you but does no damage.
The yak gores you. The cane toad stings you. The yak gores you!
The yak gores you but does no damage. x2; The yak gores you!
The basilisk bites you!
You turn to flesh and can move again.
You hit the yak.
Your weapon exudes an aura of protection.
You headbutt the yak.
The yak is heavily wounded.
You hit the yak. You slash the yak! You barely miss the cane toad.
You closely miss the basilisk. You hit the yak.
The cane toad stings you! x2; The yak gores you but does no damage.
The yak barely misses you. x2; The yak gores you but does no damage.
You slice the yak!!
You kill the yak!
Trog accepts your kill.
You hit the yak but do no damage. You barely miss the yak. You hit the yak.
You hit the cane toad. You completely miss the komodo dragon.
The cane toad closely misses you. The komodo dragon misses you.
The yak gores you but does no damage. The yak gores you.
The yak barely misses you.
You slash the yak! You headbutt the yak, but do no damage.
The yak is heavily wounded.
You hit the yak but do no damage. You hit the yak.
You barely miss the cane toad. You hit the komodo dragon.
You barely miss the wyvern. The wyvern bites you. The cane toad misses you.
The komodo dragon barely misses you. The yak gores you.
The yak gores you but does no damage. The yak barely misses you.
The wyvern bites you!
You die...

...... ...... . ......
.# P...# . ####.##
....## #.. ##.#.....
.....###..## ##........
......###.?####.........
.......##....#..YY#....#
............#..#@YY.....
............#..llF.8...8
............+...l....>..
........P......#...8...8
.....#.##...#..##.......
.......#.....#....#....#
.....#.............#.#.#
.....#........#.........
.....#.P..###...#.#....


You could see a komodo dragon, 4 yaks, a cane toad, a basilisk and a wyvern.

Vanquished Creatures
  3 death yaks (D:8)
  A two-headed ogre (D:8)
  Amaemon (Lair:1)
  Pikel (D:5)
  2 black mambas
  An orange demon (Lair:1)
  2 cane toads (Lair:1)
  2 komodo dragons (Lair:1)
  Prince Ribbit (D:5)
  5 blink frogs (Lair:1)
  5 yaks
  3 jumping spiders
  A culicivora (Lair:2)
  A wyvern (Lair:1)
  3 basilisks
  2 water moccasins (Lair:1)
  2 orc warriors
  A sky beast (D:7)
  An ice beast (D:7)
  2 centaurs
  2 ogres
  A lemure (D:5)
  A phantom (D:5)
  10 bullfrogs
  5 scorpions
  3 wights (D:8)
  5 killer bees (D:8)
  A howler monkey (D:5)
  4 hounds
  A centaur zombie (Ossuary)
  8 jellies
  4 gnoll boudas
  A human zombie (Ossuary)
  5 orc priests
  4 iguanas
  Natasha (thrice) (D:2)
  3 orc wizards
  3 hell rats (D:8)
  2 mummies (Ossuary)
  21 gnolls
  4 adders
  A river rat (D:8)
  3 shadow imps
  A white imp (D:7)
  2 ufetubi (D:6)
  A worm (D:3)
  3 dart slugs
  22 orcs
  6 endoplasms
  3 giant cockroaches
  3 gnoll zombies (Ossuary)
  4 goblins
  9 hobgoblins
  4 jackals (D:2)
  5 kobolds
  3 quokkas
  7 ball pythons
  3 bats (D:1)
  A frilled lizard (D:1)
  A goblin zombie (Ossuary)
  5 hobgoblin zombies (Ossuary)
  3 orc zombies (Ossuary)
  4 rats
225 creatures vanquished.

Vanquished Creatures (others)
  A fungus (Lair:1)
  7 plants
8 creatures vanquished.

Grand Total: 233 creatures vanquished

Notes
Turn   | Place    | Note
-------+----------+-------------------------------------------
     0 | D:1      | qw the Minotaur Berserker began the quest for the Orb.
     0 | D:1      | Reached XP level 1. HP: 19/19 MP: 0/0
     0 | D:1      | 0 ||| qw: Version: 0.1-a-112-g44dc6cd
     0 | D:1      | 0 ||| qw: Game counter: 6843
     0 | D:1      | 0 ||| qw: Always use a shield: true
     0 | D:1      | 0 ||| qw: Do Orc after D:15 true
     0 | D:1      | 0 ||| qw: Do second Lair branch before Depths: true
     0 | D:1      | 0 ||| qw: Lair rune preference: random
     0 | D:1      | 0 ||| qw: Plans: Normal
     0 | D:1      | 0 ||| PLANNING D:1-11
    19 | D:1      | 19 ||| Stepping ~*~*~tactically~*~*~ (stealth).
   185 | D:1      | Reached skill level 4 in Axes
   311 | D:1      | Reached XP level 2. HP: 26/26 MP: 1/1
  1158 | D:1      | 1158 ||| UPGRADING to +0 ring mail.
  1168 | D:1      | 1168 ||| DROPPING +0 animal skin.
  1169 | D:1      | 1169 ||| READING 3 scrolls labelled HEEKKAETAPP.
  1170 | D:1      | 1170 ||| READING scroll labelled NEMNOI QOOZUAG.
  1171 | D:1      | 1171 ||| READING scroll labelled ZAIPUM FANY.
  1176 | D:1      | 1176 ||| READING scroll labelled ALOUNU FEYSO.
  1177 | D:1      | 1177 ||| READING 2 scrolls of identify.
  1177 | D:1      | 1177 ||| IDENTIFYING clear potion
  1309 | D:2      | 1309 ||| FLEEEEING.
  1310 | D:2      | 1310 ||| FLEEEEING.
  1311 | D:2      | 1311 ||| FLEEEEING.
  1312 | D:2      | 1312 ||| FLEEEEING.
  1313 | D:2      | 1313 ||| FLEEEEING.
  1463 | D:2      | Reached skill level 5 in Axes
  1467 | D:2      | Reached XP level 3. HP: 30/31 MP: 2/2
  1534 | D:2      | Noticed Natasha
  1537 | D:2      | 1537 ||| INVOKING Berserk.
  1541 | D:2      | Killed Natasha
  1593 | D:2      | Noticed Natasha
  1594 | D:2      | 1594 ||| Stepping ~*~*~tactically~*~*~ (stealth).
  1597 | D:2      | 1597 ||| INVOKING Berserk.
  1598 | D:2      | Killed Natasha
  1599 | D:2      | Reached skill level 6 in Axes
  1599 | D:2      | Reached XP level 4. HP: 39/39 MP: 3/3
  1669 | D:2      | 1669 ||| Stepping ~*~*~tactically~*~*~ (stealth).
  1671 | D:2      | 1671 ||| Stepping ~*~*~tactically~*~*~ (stealth).
  1773 | D:2      | Reached ** piety under Trog
  1941 | D:2      | Found a runed translucent door.
  1942 | D:2      | Noticed Crazy Yiuf
  2173 | D:2      | 2173 ||| SWAPPING to +0 war axe.
  2174 | D:2      | 2174 ||| DROPPING +0 hand axe.
  2230 | D:2      | Identified the +5 whip "Eviscerator" {freeze, rF+ rN+
                  | Dex+2}
  2232 | D:2      | 2232 ||| DROPPING +0 mace.
  2367 | D:2      | Noticed Natasha
  2368 | D:2      | 2368 ||| Stepping ~*~*~tactically~*~*~ (stealth).
  2371 | D:2      | 2371 ||| INVOKING Berserk.
  2373 | D:2      | Killed Natasha
  2491 | D:2      | 2491 ||| UPGRADING to +0 chain mail.
  2501 | D:2      | 2501 ||| DROPPING +0 ring mail.
  2502 | D:2      | 2502 ||| READING scroll labelled BIJOECV UMIZA.
  2503 | D:2      | 2503 ||| READING scroll labelled OMILUO RIRGHUP.
  2604 | D:2      | 2604 ||| READING 2 scrolls labelled JIABIF PUYXAU.
  2605 | D:2      | 2605 ||| READING scroll labelled NIAH POAFU.
  2606 | D:2      | 2606 ||| DRINKING 2 brown potions.
  2607 | D:2      | 2607 ||| DRINKING 2 ruby potions.
  2608 | D:2      | 2608 ||| READING 2 scrolls of identify.
  2608 | D:2      | 2608 ||| IDENTIFYING pink potion
  2609 | D:2      | 2609 ||| DROPPING potion of degeneration.
  2610 | D:2      | 2610 ||| DROPPING scroll of fog.
  2611 | D:2      | 2611 ||| DROPPING potion of magic.
  2814 | D:3      | Found a stormy altar of Qazlal.
  2893 | D:3      | 2893 ||| Stepping ~*~*~tactically~*~*~ (stealth).
  2895 | D:3      | 2895 ||| INVOKING Berserk.
  2899 | D:3      | Reached skill level 7 in Axes
  2899 | D:3      | Reached XP level 5. HP: 45/45 MP: 4/4
  3052 | D:3      | Found a snail-covered altar of Cheibriados.
  3055 | D:3      | 3055 ||| Stepping ~*~*~tactically~*~*~ (stealth).
  3057 | D:3      | 3057 ||| READING scroll labelled MODINU ERGHASESHRI.
  3058 | D:3      | 3058 ||| READING 2 scrolls of identify.
  3058 | D:3      | 3058 ||| IDENTIFYING white potion
  3059 | D:3      | 3059 ||| READING scroll of teleportation.
  3099 | D:3      | 3099 ||| Stepping ~*~*~tactically~*~*~ (stealth).
  3208 | D:3      | 3208 ||| Stepping ~*~*~tactically~*~*~ (hiding).
  3213 | D:3      | 3213 ||| INVOKING Berserk.
  3313 | D:3      | 3313 ||| Stepping ~*~*~tactically~*~*~ (water).
  3527 | D:3      | 3527 ||| Stepping ~*~*~tactically~*~*~ (stealth).
  3578 | D:3      | 3578 ||| READING scroll labelled AHARYEXECE.
  3579 | D:3      | 3579 ||| READING scroll labelled IJYGIG SAHU.
  3580 | D:3      | 3580 ||| Stepping randomly (stuck).
  3581 | D:3      | 3581 ||| Stepping ~*~*~tactically~*~*~ (cloud).
  3775 | D:4      | 3775 ||| Stepping ~*~*~tactically~*~*~ (stealth).
  3784 | D:4      | Reached skill level 8 in Axes
  3784 | D:4      | Reached XP level 6. HP: 32/52 MP: 5/5
  4037 | D:4      | 4037 ||| Stepping ~*~*~tactically~*~*~ (hiding).
  4209 | D:4      | 4209 ||| Stepping ~*~*~tactically~*~*~ (hiding).
  4210 | D:4      | 4210 ||| Stepping ~*~*~tactically~*~*~ (hiding).
  4215 | D:4      | 4215 ||| INVOKING Berserk.
  4240 | D:4      | Noticed an orc warrior
  4241 | D:4      | 4241 ||| Stepping ~*~*~tactically~*~*~ (stealth).
  4474 | D:4      | 4474 ||| INVOKING Berserk.
  4479 | D:4      | Killed an orc warrior
  4664 | D:4      | Reached skill level 9 in Axes
  4764 | D:4      | 4764 ||| Stepping ~*~*~tactically~*~*~ (stealth).
  4768 | D:4      | 4768 ||| Stepping ~*~*~tactically~*~*~ (hiding).
  4804 | D:4      | Found an ornate altar of the Wu Jian Council.
  4814 | D:4      | Found a bloodstained altar of Trog.
  4935 | D:4      | Reached XP level 7. HP: 60/60 MP: 6/6
  4971 | D:4      | 4971 ||| UPGRADING to +0 pair of gloves.
  4976 | D:4      | 4976 ||| UPGRADING to ring of poison resistance.
  4977 | D:4      | 4977 ||| UPGRADING to +6 ring of dexterity.
  4978 | D:4      | 4978 ||| READING 3 scrolls of identify.
  4978 | D:4      | 4978 ||| IDENTIFYING black potion
  4979 | D:4      | 4979 ||| READING 2 scrolls of identify.
  4979 | D:4      | 4979 ||| IDENTIFYING amethyst potion
  4980 | D:4      | 4980 ||| DROPPING potion of attraction.
  5043 | D:5      | Entered Level 5 of the Dungeon
  5055 | D:5      | Reached skill level 3 in Armour
  5058 | D:5      | 5058 ||| FLEEEEING.
  5059 | D:5      | 5059 ||| FLEEEEING.
  5060 | D:5      | 5060 ||| STAIRDANCE
  5173 | D:5      | Noticed Pikel
  5180 | D:5      | 5180 ||| INVOKING Berserk.
  5187 | D:5      | Killed Pikel
  5188 | D:5      | Reached skill level 11 in Axes
  5188 | D:5      | Reached XP level 8. HP: 68/68 MP: 7/7
  5232 | D:5      | 5232 ||| Stepping ~*~*~tactically~*~*~ (stealth).
  5235 | D:5      | Noticed Prince Ribbit
  5239 | D:5      | 5239 ||| INVOKING Berserk.
  5244 | D:5      | Killed Prince Ribbit
  5245 | D:5      | Reached skill level 3 in Throwing
  5281 | D:5      | 5281 ||| Stepping ~*~*~tactically~*~*~ (stealth).
  5282 | D:5      | 5282 ||| Stepping ~*~*~tactically~*~*~ (stealth).
  5285 | D:5      | 5285 ||| INVOKING Berserk.
  5301 | D:5      | 5301 ||| Stepping ~*~*~tactically~*~*~ (stealth).
  5302 | D:5      | 5302 ||| Stepping ~*~*~tactically~*~*~ (stealth).
  5332 | D:5      | 5332 ||| Stepping ~*~*~tactically~*~*~ (stealth).
  5474 | D:5      | 5474 ||| Stepping ~*~*~tactically~*~*~ (stealth).
  5477 | D:5      | 5477 ||| INVOKING Berserk.
  5479 | D:5      | Reached skill level 6 in Fighting
  5773 | D:5      | 5773 ||| INVOKING Berserk.
  5776 | D:5      | Reached skill level 3 in Dodging
  5904 | D:5      | Found a glowing golden altar of the Shining One.
  5907 | D:5      | Found a shimmering blue altar of Sif Muna.
  5953 | D:5      | Found a glowing silver altar of Zin.
  5953 | D:5      | Found a hide-covered altar of Uskayaw.
  5960 | D:5      | 5960 ||| DROPPING amulet of faith.
  5961 | D:5      | 5961 ||| READING scroll labelled WOCEHOF LOIZI.
  6122 | D:5      | 6122 ||| READING scroll labelled ESE GOMNIPAMAMEKA.
  6123 | D:5      | 6123 ||| READING 2 scrolls of identify.
  6123 | D:5      | 6123 ||| IDENTIFYING yellow potion
  6124 | D:5      | 6124 ||| DROPPING potion of invisibility.
  6180 | D:6      | 6180 ||| PLANNING OSSUARY
  6202 | D:6      | 6202 ||| INVOKING Berserk.
  6531 | D:6      | 6531 ||| INVOKING Berserk.
  6536 | D:6      | Reached skill level 12 in Axes
  6576 | D:6      | Found a staircase to the Ecumenical Temple.
  6603 | D:6      | Reached XP level 9. HP: 78/78 MP: 8/8
  6645 | D:6      | Found a sand-covered staircase.
  6650 | Ossuary  | Entered an ossuary
  6654 | Ossuary  | 6654 ||| Stepping ~*~*~tactically~*~*~ (stealth).
  6655 | Ossuary  | 6655 ||| Stepping ~*~*~tactically~*~*~ (stealth).
  6657 | Ossuary  | 6657 ||| Stepping ~*~*~tactically~*~*~ (stealth).
  6667 | Ossuary  | Reached *** piety under Trog
  6809 | D:6      | 6809 ||| PLANNING D:1-11
  7100 | D:6      | 7100 ||| Stepping ~*~*~tactically~*~*~ (hiding).
  7216 | D:6      | 7216 ||| INVOKING Berserk.
  7399 | D:6      | 7399 ||| READING 2 scrolls of identify.
  7399 | D:6      | 7399 ||| IDENTIFYING fizzy white potion
  7452 | D:7      | Identified the +2 great sword "Newt's Death" {antimagic,
                  | rElec rC+}
  7481 | D:7      | 7481 ||| INVOKING Berserk.
  7492 | D:7      | 7492 ||| DRINKING 4 potions of curing.
  7492 | D:7      | 7492 ||| (to cure confusion)
  7679 | D:7      | 7679 ||| Stepping ~*~*~tactically~*~*~ (stealth).
  7813 | D:7      | 7813 ||| INVOKING Berserk.
  7958 | D:7      | 7958 ||| Stepping ~*~*~tactically~*~*~ (stealth).
  7963 | D:7      | Reached skill level 13 in Axes
  7963 | D:7      | 7963 ||| INVOKING Berserk.
  8552 | D:7      | 8552 ||| READING scroll labelled MEOSTR HUYGO.
  8553 | D:7      | 8553 ||| READING 3 scrolls of identify.
  8553 | D:7      | 8553 ||| IDENTIFYING dark potion
  8554 | D:7      | 8554 ||| READING 2 scrolls of identify.
  8554 | D:7      | 8554 ||| IDENTIFYING orange potion
  8686 | D:8      | Found a sparkling altar of Nemelex Xobeh.
  8796 | D:8      | Noticed a two-headed ogre
  8801 | D:8      | 8801 ||| INVOKING Berserk.
  8804 | D:8      | Killed a two-headed ogre
  8805 | D:8      | Reached skill level 14 in Axes
  8805 | D:8      | Reached XP level 10. HP: 88/88 MP: 9/9
  8920 | D:8      | Found a runed translucent door.
  8954 | D:8      | Noticed a death yak
  8956 | D:8      | 8956 ||| Stepping ~*~*~tactically~*~*~ (stealth).
  8960 | D:8      | 8960 ||| Stepping ~*~*~tactically~*~*~ (stealth).
  8967 | D:8      | 8967 ||| INVOKING Berserk.
  8968 | D:8      | Noticed a death yak
  8968 | D:8      | Noticed a death yak
  8979 | D:8      | Killed a death yak
  8980 | D:8      | Reached skill level 15 in Axes
  8989 | D:8      | Killed a death yak
  8990 | D:8      | Reached skill level 9 in Fighting
  8990 | D:8      | Reached **** piety under Trog
  8996 | D:8      | HP: 9/91 [death yak (18)]
  8997 | D:8      | 8997 ||| DRINKING potion of heal wounds.
  9001 | D:8      | HP: 7/91 [death yak (13)]
  9002 | D:8      | Killed a death yak
  9003 | D:8      | Reached skill level 6 in Armour
  9110 | D:8      | 9110 ||| FLEEEEING.
  9345 | D:8      | Found a staircase to the Lair.
  9346 | D:8      | 9346 ||| Stepping ~*~*~tactically~*~*~ (hiding).
  9350 | D:8      | 9350 ||| INVOKING Berserk.
  9498 | D:8      | 9498 ||| Stepping ~*~*~tactically~*~*~ (hiding).
  9500 | D:8      | 9500 ||| INVOKING Berserk.
  9635 | D:8      | 9635 ||| INVOKING Berserk.
  9771 | D:8      | 9771 ||| Stepping ~*~*~tactically~*~*~ (hiding).
  9776 | D:8      | 9776 ||| INVOKING Berserk.
  9945 | D:8      | Found a runed translucent door.
  9945 | D:8      | Noticed qw's ghost (novice MiBe)
  9945 | D:8      | Noticed a centaur warrior
 10369 | D:8      | 10369 ||| PLANNING LAIR
 10369 | D:8      | 10369 ||| UPGRADING to +0 pair of boots.
 10374 | D:8      | 10374 ||| UPGRADING to ring of see invisible.
 10376 | D:8      | 10376 ||| READING 4 scrolls of identify.
 10376 | D:8      | 10376 ||| IDENTIFYING fizzy cyan potion
 10377 | D:8      | 10377 ||| DROPPING scroll of immolation.
 10378 | D:8      | 10378 ||| DROPPING potion of lignification.
 10437 | Lair:1   | Entered Level 1 of the Lair of Beasts
 10479 | Lair:1   | Noticed a cane toad
 10483 | Lair:1   | 10483 ||| INVOKING Berserk.
 10486 | Lair:1   | Killed a cane toad
 10487 | Lair:1   | Reached skill level 16 in Axes
 10592 | Lair:1   | Noticed a black mamba
 10593 | Lair:1   | 10593 ||| Stepping ~*~*~tactically~*~*~ (stealth).
 10598 | Lair:1   | 10598 ||| INVOKING Berserk.
 10600 | Lair:1   | Killed a black mamba
 10750 | Lair:1   | Noticed a cane toad
 10752 | Lair:1   | 10752 ||| INVOKING Berserk.
 10756 | Lair:1   | Killed a cane toad
 10948 | Lair:1   | 10948 ||| Stepping ~*~*~tactically~*~*~ (stealth).
 10949 | Lair:1   | 10949 ||| Stepping ~*~*~tactically~*~*~ (stealth).
 10950 | Lair:1   | 10950 ||| INVOKING Berserk.
 10962 | Lair:1   | Reached XP level 11. HP: 56/99 MP: 10/10
 11214 | Lair:1   | 11214 ||| Stepping ~*~*~tactically~*~*~ (hiding).
 11222 | Lair:1   | 11222 ||| DRINKING potion of cancellation.
 11258 | Lair:1   | 11258 ||| INVOKING Berserk.
 11309 | Lair:1   | 11309 ||| Stepping ~*~*~tactically~*~*~ (hiding).
 11317 | Lair:1   | Noticed Amaemon
 11318 | Lair:1   | 11318 ||| INVOKING Berserk.
 11324 | Lair:1   | Killed Amaemon
 11380 | Lair:1   | 11380 ||| DROPPING +2 flail of protection.
 11381 | Lair:1   | 11381 ||| DROPPING +5 whip "Eviscerator" {freeze, rF+ rN+
                  | Dex+2}.
 12092 | Lair:2   | 12092 ||| Stepping ~*~*~tactically~*~*~ (stealth).
 12101 | Lair:2   | 12101 ||| FLEEEEING.
 12102 | Lair:2   | 12102 ||| STAIRDANCE
 12107 | Lair:1   | Reached skill level 9 in Armour
 12143 | Lair:2   | 12143 ||| STAIRDANCE
 12145 | Lair:1   | 12145 ||| INVOKING Berserk.
 12484 | Lair:2   | Found a hole to the Spider Nest.
 12555 | Lair:2   | 12555 ||| READING scroll of enchant weapon.
 12555 | Lair:2   | 12555 ||| ENCHANTING +1 war axe of protection.
 12559 | Lair:2   | 12559 ||| INVOKING Berserk.
 12711 | Lair:2   | Reached skill level 12 in Fighting
 12750 | Lair:2   | 12750 ||| INVOKING Berserk.
 12761 | Lair:2   | HP: 19/104 [cane toad (8)]
 12763 | Lair:2   | HP: 7/104 [yak (6)]
 12763 | Lair:2   | Slain by a wyvern

Levels and vault maps discovered:
D:1:      scummos_arrival_simple_fountains, layout_basic,
          minmay_misc_feat_hallway, wander_ebering_terrifying_dragon_lair
D:2:      layout_basic, guppyfry_early_orc_mine, uniq_natasha,
          uniq_crazy_yiuf_cottage
D:3:      layout_loops_ring, cheibrodos_worm_habitat, grunt_qazlal_sundering,
          minmay_large_rounded_square
D:4:      layout_loops_cross, grunt_temple_overflow_open, kennysheep_nondescript
D:5:      layout_rooms, minitemple, corexii_shack, uniq_pikel,
          uniq_prince_ribbit1
D:6:      layout_loops_ring, minmay_temple_entry_mini_moons, serial_glass,
          glass_columns_a, glass_columns_a,
          nicolae_ossuary_entry_false_entrances
D:7:      layout_basic
D:8:      gammafunk_indiana_jones, layout_basic, mainiacjoe_overflow_alcove_4,
          dpeg_lair_monsters, ebering_ghost_inner_flame
Lair:1:   layout_loops_ring, minivault_11, grunt_forest_stairs_basic,
          grunt_megastairs_3, uniq_amaemon
Lair:2:   layout_gridlike, nicolae_spider_entry_tight_spaces, grunt_megastairs_2

Skill      XL: |  1  2  3  4  5  6  7  8  9 10 11 |
---------------+----------------------------------+-----
Axes           | 4 5 6 7 8 9 11 12 14 16 | 16.0
Fighting       | 4 5 6 8 9 12 | 12.0
Armour         | 3 4 5 7 9 |  9.0
Throwing       | 3 |  3.2
Dodging        | 3 4 |  4.7

Action                   |  1- 3 |  4- 6 |  7- 9 | 10-12 || total
-------------------------+-------+-------+-------+-------++-------
Melee: Hand axe          |    48 |    24 |       |       ||    72
       Headbutt          |     2 |    18 |    35 |    35 ||    90
       War axe           |       |    66 |   170 |   194 ||   430
       Punch             |       |       |     2 |     1 ||     3
Throw: Boomerang         |       |    36 |    80 |    32 ||   148
Invok: Berserk           |     2 |     5 |    12 |    14 ||    33
  Use: Scroll            |     5 |    10 |     9 |     2 ||    26
       Potion            |       |     2 |     1 |     2 ||     5
Armor: Animal skin       |     4 |       |       |       ||     4
       Ring mail         |     3 |     5 |       |       ||     8
       Chain mail        |       |    21 |    83 |   110 ||   214
Dodge: Dodged            |    22 |    24 |    96 |    90 ||   232

Table legend:
 A = Non-vault XP
 B = Vault XP
 C = Vault XP percentage of total XP
 D = Non-vault monster count
 E = Vault monster count
 F = Vault count percentage of total count
                 A         B        C        D         E       F
            +---------+---------+-------+---------+---------+-------
      Total |   11313 |    5969 |  34.5 |     178 |      46 |  20.5
            +---------+---------+-------+---------+---------+-------
        D:1 |      23 |       1 |   4.2 |      14 |       1 |   6.7
        D:2 |     103 |      52 |  33.5 |      17 |       8 |  32.0
        D:3 |     147 |       5 |   3.3 |      16 |       1 |   5.9
        D:4 |     403 |       0 |   0.0 |      18 |       0 |   0.0
        D:5 |     746 |     947 |  55.9 |      21 |       2 |   8.7
        D:6 |     565 |       0 |   0.0 |      20 |       0 |   0.0
        D:7 |     962 |       0 |   0.0 |      17 |       0 |   0.0
        D:8 |    2829 |    2565 |  47.6 |      31 |      11 |  26.2
     Lair:1 |    4482 |    1606 |  26.4 |      20 |       4 |  16.7
     Lair:2 |    1053 |     653 |  38.3 |       4 |       3 |  42.9
    Ossuary |       0 |     140 | 100.0 |       0 |      16 | 100.0
            +---------+---------+-------+---------+---------+-------
